 Dungeon Crawl Stone Soup version 0.26-a0-852-g6321bf7485 (webtiles) character file.

Game seed: 1301311377693146194

1554 gishou the Cleaver (level 8, 0/74 HPs)
             Began as a Palentonga Berserker on Nov 21, 2020.
             Was a Believer of Trog.
             Slain by a flying skull (1 damage)
             ... on level 1 of the Abyss.
             The game lasted 00:09:21 (5612 turns).

gishou the Cleaver (Palentonga Berserker)           Turns: 5612, Time: 00:09:22

Health: 0/74       AC: 17    Str: 23    XL:     8   Next: 57%
Magic:  8/8        EV:  6    Int:  8    God:    Trog [**....]
Gold:   353        SH:  0    Dex:  9    Spells: 7/7 levels left

rFire    . . .     SeeInvis +   q - +0 battleaxe
rCold    . . .     Faith    .   (shield currently unavailable)
rNeg     . . .     Spirit   .   o - +0 chain mail
rPois    .         Reflect  .   f - +1 helmet
rElec    .         Harm     .   r - scarf {shadows}
rCorr    .         Rampage  .   (no gloves)
MR       .....                  (no barding)
Stlth    ..........             p - amulet of the acrobat
HPRegen  0.22/turn              (no ring)
MPRegen  0.11/turn              (no ring)

@: berserk cooldown, slowed, curled up, very slow
A: large, rugged brown scales 3, see invisible, deformed body, roll 1, armoured
tail, reflexive curl
a: Rolling Charge, Berserk, Trog's Hand, Renounce Religion


You were on level 1 of the Abyss.
You worshipped Trog.
Trog was pleased with you.
You visited 1 branch of the dungeon, and saw 7 of its levels.
You visited the Abyss 1 time.

You collected 353 gold pieces.

Inventory:

Hand Weapons
 q - a +0 battleaxe (weapon)
Armour
 f - a +1 helmet (worn)
 o - a +0 chain mail (worn)
 r - a scarf of shadows (worn)
Jewellery
 p - an amulet of the acrobat (around neck)
 u - an uncursed ring of ice
Scrolls
 d - a scroll of immolation
 i - 4 scrolls of enchant armour
 j - 3 scrolls of remove curse
 n - 4 scrolls of teleportation
Potions
 a - 4 potions of curing
 b - a potion of lignification {unknown}
 c - a potion of flight {unknown}
 h - a potion of attraction {unknown}
 l - a potion of haste {unknown}
 t - a potion of might {unknown}


   Skills:
 + Level 6.1 Fighting
 * Level 8.2 Axes
 + Level 4.7 Armour
 - Level 1.5 Dodging


You had 7 spell levels left.
You didn't know any spells.
Your spell library was empty.

Dungeon Overview and Level Annotations

Branches:
Dungeon (7/15)             Temple (0/1) D:5

Altars:
Ashenzari
Kikubaaqudgha

Annotations:
D:6 Edmund


Innate Abilities, Weirdness & Mutations

You are completely covered in rugged brown scales. (AC +3, +7% HP)
You have supernaturally acute eyesight. (SInv)
Armour fits poorly on your strangely shaped body.
You can roll at nearby foes to attack.
You have a long armoured tail.
You curl defensively after being hit.


Message History

You closely miss the flying skull. You miss the flying skull.
The flying skull hits you.
The flying skull hits you but does no damage. x4
The flying skull hits you.
* * * LOW HITPOINT WARNING * * *
Your Fighting skill increases to level 6!
You closely miss the flying skull. You barely miss the flying skull.
The flying skull hits you!
* * * LOW HITPOINT WARNING * * *
The flying skull hits you but does no damage.
The flying skull hits you!
* * * LOW HITPOINT WARNING * * *
The flying skull hits you but does no damage.
The flying skull barely misses you. The flying skull hits you.
* * * LOW HITPOINT WARNING * * *
You barely miss the flying skull. You miss the flying skull.
The flying skull hits you.
* * * LOW HITPOINT WARNING * * *
The flying skull hits you.
You die...

.. . ..#..#.
..##?. ..#
.#.......# ..
.##..# #?###.#
......#..#####.
..#...zz.......
......@# ......
.####..........
.. #.#..#..###
#.#........
###...#####
.##...# ###...#
. . # ..#..


You could see 2 flying skulls.

Vanquished Creatures
  A flying skull (Abyss:1)
  A water moccasin (D:6)
  3 ogres (D:4)
  2 phantoms (D:7)
  3 bullfrogs
  2 scorpions
  2 hounds
  3 bullfrog skeletons
  4 orc priests
  3 orc wizards
  An iguana (D:4)
  A howler monkey skeleton (D:5)
  7 adders
  A shadow imp (D:6)
  A white imp (D:5)
  An ufetubus (D:5)
  An ooze (D:3)
  An adder zombie (D:7)
  5 worms
  3 dart slugs
  A leopard gecko (D:6)
  6 orcs
  5 giant cockroaches
  5 goblins
  6 hobgoblins
  3 jackals (D:4)
  3 quokkas
  2 ball python skeletons
  2 bats
  4 frilled lizards
  A jackal skeleton (D:4)
  11 kobolds
  A quokka skeleton (D:3)
  2 rats
98 creatures vanquished.

Notes
Turn   | Place    | Note
-------+----------+-------------------------------------------
     0 | D:1      | gishou the Palentonga Berserker began the quest for the
                  | Orb.
     0 | D:1      | Reached XP level 1. HP: 20/20 MP: 1/1
     9 | D:1      | Noticed a bullfrog
   192 | D:1      | Reached XP level 2. HP: 27/27 MP: 2/2
   830 | D:2      | Found an ancient bone altar of Kikubaaqudgha.
  1033 | D:2      | Reached XP level 3. HP: 28/33 MP: 3/3
  1258 | D:2      | Reached ** piety under Trog
  1527 | D:3      | Reached skill level 4 in Axes
  1527 | D:3      | Reached XP level 4. HP: 40/40 MP: 4/4
  1947 | D:3      | Reached XP level 5. HP: 49/49 MP: 5/5
  2933 | D:4      | Reached skill level 5 in Axes
  2955 | D:4      | You fall into a shaft and drop 3 floors!
  2997 | D:7      | Noticed a phantom
  3001 | D:7      | Noticed a phantom
  3017 | D:7      | Killed a phantom
  3018 | D:7      | Reached XP level 6. HP: 17/55 MP: 6/6
  3033 | D:7      | Reached skill level 6 in Axes
  3033 | D:7      | Gained mutation: You curl defensively after being hit.
                  | [Palentonga growth]
  3033 | D:7      | Reached XP level 7. HP: 18/64 MP: 7/7
  3300 | D:5      | Entered Level 5 of the Dungeon
  3300 | D:5      | Found a broken altar of Ashenzari.
  3388 | D:5      | Reached skill level 5 in Fighting
  3571 | D:5      | Found a staircase to the Ecumenical Temple.
  3670 | D:4      | Reached skill level 7 in Axes
  3892 | D:4      | Reached XP level 8. HP: 52/73 MP: 8/8
  5213 | D:6      | Reached *** piety under Trog
  5579 | D:6      | Noticed Edmund
  5593 | D:6      | Reached skill level 8 in Axes
  5595 | D:6      | Cast into level 1 of the Abyss (Edmund)
  5598 | Abyss:1  | Noticed a flying skull
  5598 | Abyss:1  | Noticed a flying skull
  5600 | Abyss:1  | Noticed a flying skull
  5610 | Abyss:1  | Killed a flying skull
  5612 | Abyss:1  | HP: 1/74 [flying skull (3)]
  5612 | Abyss:1  | Slain by a flying skull

Illustrated notes

Levels and vault maps discovered:
D:1:      evilmike_arrival_come_back, layout_loops_ring, minmay_misc_feat_iff,
          nrook_uturn, minmay_split_cup_large
D:2:      layout_basic, kiku_gazebo_pond_becter
D:3:      layout_basic, serial_corexii_hall, corexii_hall_statues_x,
          chequers_hall_statues_wall_a
D:4:      minmay_chambers_of_twos, layout_loops_ring, st_stairs_13,
          hangedman_decor_diamond_cutter
D:5:      layout_basic, old_standard_altar, minmay_temple_entry_stoned_glass
D:6:      layout_basic, basic_altar, uniq_edmund
D:7:      layout_cave_pools, nicolae_overflow_hidden_temple,
          minmay_tree_intersection, st_stairs_2, chequers_serial_rivers_large_b
Abyss:1:  base: D:6, evilmike_abyss_exit_1

Skill      XL: |  1  2  3  4  5  6  7  8 |
---------------+-------------------------+-----
Armour         | 2 3 4 |  4.7
Axes           | 4 5 6 7 8 |  8.2
Fighting       | 4 5 6 |  6.1
Dodging        | |  1.5

Action                   |  1- 3 |  4- 6 |  7- 9 || total
-------------------------+-------+-------+-------++-------
Melee: Hand axe          |    75 |     5 |       ||    80
       Tailslap          |    11 |    11 |    18 ||    40
       Battleaxe         |       |    95 |   129 ||   224
Invok: Trog's Hand       |     1 |     2 |     2 ||     5
       Berserk           |     1 |     1 |     3 ||     5
 Abil: Rolling Charge    |    19 |    25 |    11 ||    55
  Use: Scroll            |       |     2 |     9 ||    11
       Potion            |       |       |     2 ||     2
Armor: Animal skin       |     3 |       |       ||     3
       Scale mail        |    27 |    43 |    56 ||   126
       Chain mail        |       |       |    62 ||    62
Dodge: Dodged            |    22 |    33 |    61 ||   116

Table legend: (Time is in decaauts)
 A = Elapsed time spent in this place.
 B = Non-inter-level travel time spent in this place.
 C = Inter-level travel time spent in this place.
 D = Time resting spent in this place.
 E = Time spent auto-exploring this place.
 F = Levels seen in this place.
 G = Mean time per level.
                   A        B        C        D        E       F      G
               +--------+--------+--------+--------+--------+-----+--------+
         Total |   5755 |   5606 |    149 |   1030 |   3808 |   8 |  719.4 |
       Dungeon |   5725 |   5576 |    149 |   1030 |   3808 |   7 |  817.9 |
         Abyss |     29 |     29 |      0 |      0 |      0 |   1 |   29.0 |
               +--------+--------+--------+--------+--------+-----+--------+

Top non-repeatable levels by time:
     D:4: 1334 daAuts
     D:3: 1203 daAuts
     D:2: 778 daAuts
     D:5: 729 daAuts
     D:1: 722 daAuts
     D:6: 612 daAuts
     D:7: 345 daAuts
 Abyss:1: 29 daAuts
